 Dungeon Crawl Stone Soup version 0.16.1-17-g773cdaf (webtiles) character file.

55843 tesudzi the Impaler (level 14, -12/111 HPs)
             Began as a Merfolk Ice Elementalist on Apr 22, 2015.
             Was a High Priest of Fedhas.
             Killed from afar by a deep elf knight (14 damage)
             ... with a spray of energy
             ... on level 1 of the Elven Halls.
             The game lasted 03:12:57 (29735 turns).

tesudzi the Impaler (Merfolk Ice Elementalist)     Turns: 29735, Time: 03:12:58

Health: -12/111    AC: 11    Str:  9    XL:     14   Next: 79%
Magic:  1/30       EV: 26    Int: 15    God:    Fedhas [*****.]
Gold:   1569       SH:  6    Dex: 21    Spells: 6 memorised, 9 levels left

rFire  x . .     SeeInvis .     r - +0 trident (venom)
rCold  + . .     Clarity  +     R - +1 robe {MR+}
rNeg   . . .     SustAb   .     B - +0 buckler
rPois  .         Gourm    .     u - +2 hat
rElec  .         Spirit   .     O - +1 cloak
rCorr  .         Warding  .     M - +1 pair of gloves {Dex+3}
rMut   .         Stasis   .     D - +0 pair of boots
MR     ++...                    w - amulet of rage
Stlth  +++.......               x - +2 ring of evasion
                                P - ring of ice

@: about to teleport, very slightly contaminated, very resistant to hostile
enchantments, fairly stealthy
A: change form in water, swift swim, clarity, shaggy fur 1, wild magic 1
a: Evolution, Sunlight, Growth, Reproduction, Rain, Renounce Religion, Evoke
Berserk Rage


You were on level 1 of the Elven Halls.
You worshipped Fedhas.
Fedhas was extremely pleased with you.
You were near starving.

You visited 5 branches of the dungeon, and saw 25 of its levels.
You also visited: Ossuary.

You collected 2171 gold pieces.
You spent 602 gold pieces at shops.

Inventory:

Hand weapons
 r - a +0 trident of venom (weapon)
 F - a +2 scimitar of flaming
 H - a +1 halberd of venom
 K - a +1 trident
Missiles
 q - 5 tomahawks of returning (quivered)
 Q - 5 tomahawks of dispersal
Armour
 k - the +3 robe of Disaster {+Blink rPois rN+ Str-4 Int+3}
   (You found it on level 1 of the Lair of Beasts)

   It affects your strength (-4).
   It affects your intelligence (+3).
   It protects you from poison.
   It protects you from negative energy.
   It lets you blink.
 u - a +2 hat (worn)
 z - a +3 leather armour
 B - a +0 buckler (worn)
 D - a +0 pair of boots (worn)
 M - a +1 pair of gloves of dexterity (worn)
 O - a +1 cloak (worn)
 R - a +1 robe of magic resistance (worn)
Magical staves
 L - an uncursed staff of conjuration
Jewellery
 s - an uncursed ring of fire
 t - an uncursed ring of ice
 w - an amulet of rage (around neck)
 x - a +2 ring of evasion (right hand)
 I - an uncursed ring of ice
 P - a ring of ice (left hand)
 W - an uncursed ring of positive energy
Magical devices
 b - a wand of slowing (22)
 J - a wand of disintegration (18)
 S - a wand of digging (14)
Scrolls
 a - a scroll of teleportation
 e - a scroll of recharging
 h - 5 scrolls of remove curse
 i - a scroll of magic mapping
 p - a scroll of amnesia
 G - a scroll of vulnerability
 N - 3 scrolls of fog
Potions
 j - a potion of haste
 m - 2 potions of restore abilities
 n - 4 potions of resistance
 o - a potion of curing
 v - 2 potions of cancellation
 C - a potion of lignification
 E - a potion of brilliance
Books
 y - a book of Clouds

   Spells                             Type                      Level
   a - Mephitic Cloud                 Conjuration/Poison/Air       3
   b - Conjure Flame                  Conjuration/Fire             3
   c - Poisonous Cloud                Conjuration/Poison/Air       6
   d - Freezing Cloud                 Conjuration/Ice/Air          6
   e - Ring of Flames                 Charms/Fire                  7
 A - a book of the Earth

   Spells                             Type                      Level
   a - Leda's Liquefaction            Hexes/Earth                  4
   b - Bolt of Magma                  Conjuration/Fire/Earth       5
   c - Statue Form                    Transmutation/Earth          6
   d - Iron Shot                      Conjuration/Earth            6
   e - Shatter                        Earth                        9
Miscellaneous
 f - a lantern of shadows
Comestibles
 c - 10 bread rations
 g - 14 fruits
 T - a meat ration


   Skills:
 - Level 10.4 Fighting
 + Level 16.1 Polearms
 - Level 13.0 Dodging
 - Level 3.5 Stealth
 - Level 5.0 Shields
 - Level 8.4 Spellcasting
 - Level 1.6 Conjurations
 - Level 3.5 Charms
 - Level 3.0 Summonings
 - Level 14.0 Ice Magic
 - Level 6.8 Invocations


You had 9 spell levels left.
You knew the following spells:

 Your Spells              Type           Power        Failure   Level  Hunger
a - Freeze                Ice            ####         1%          1    None
b - Ozocubu's Armour      Chrm/Ice       ######..     3%          3    ##.....
c - Summon Ice Beast      Ice/Summ       ######..     9%          4    ####...
d - Blink                 Tloc           N/A          30%         2    None
e - Throw Icicle          Conj/Ice       ######..     13%         4    ####...
f - Freezing Cloud        Conj/Ice/Air   #####.....   100%        6    #######


Dungeon Overview and Level Annotations

Branches:
Dungeon (12/15)            Temple (1/1) D:5            Lair (7/8) D:10
 Shoals (0/5) Lair:5       Spider (0/5) Lair:6        Slime (0/6) Lair:6
    Orc (4/4) D:9             Elf (1/3) Orc:3

Altars:
Ashenzari
Cheibriados
Dithmenos
Elyvilon
Fedhas
Gozag
Kikubaaqudgha
Makhleb
Nemelex Xobeh
Okawaru
Qazlal
Ru
Sif Muna
Trog
Vehumet
Xom
Yredelemnul
Zin
The Shining One

Shops:
D:5 :   D:11 (   Orc:1 [(   Orc:4 :[[*}


Innate Abilities, Weirdness & Mutations

You revert to your normal form in water.
You are very nimble and swift while swimming.
You possess an exceptional clarity of mind.
You are covered in fur (AC +1).
Your spells are a little harder to cast, but a little more powerful.


Message History

Confirm with . or Enter, or press ? or * to list all spells.
Aiming: Throw Icicle
Press: ? - help, Shift-Dir - straight line, f - deep elf knight
Aim: a deep elf knight, wielding a scimitar, wearing a leather armour and wearing a buckler (fast, shrouded)
You feel a surge of power!
You miscast Throw Icicle.
Nothing appears to happen.
Something hits you!
* * * LOW HITPOINT WARNING * * *
Read which item? (? for menu, Esc to quit)
As you read the scroll of teleportation, it crumbles to dust.
You feel strangely unstable.
The deep elf knight is no longer moving quickly.
The deep elf knight completely misses you.
The deep elf high priest calls down the wrath of its god upon you.
Something smites you!
* * * LOW HITPOINT WARNING * * *
The deep elf knight completely misses you.
You hear some strange, mumbled words.
The spray of energy hits you!
You die...
Fedhas appreciates your contribution to the ecosystem.

##.## #..#oo#.#e### ##.## ##.##
...e.oo.#e# #.# ##.##
.e..eee).#)###.# #.# #.##
#)e.....###'## ##.## ###
###(######...## ##.###.# ###.#
##.....## ##.#.## ##.#e#
#.......#
###...###########e..(###.........
............).§P@>.....+.........
##....#.########.....###.........
#.#....# ##.......###.......#
#.####.# #.........###.....##
#......# ##.......## ##...##
######.# ##.....## ##'## # #.#
#####...##### #.# # #.#
#...........####.#### #.#
#..................#


You could see a deep elf knight and a deep elf high priest.

Vanquished Creatures
  2 deep elf demonologists (Elf:1)
  Fannar (D:12)
  5 hydras
  3 orc high priests (Orc:4)
  An unseen horror (D:11)
  2 deep elf summoners (Elf:1)
  A hill giant (D:10)
  Pikel (D:5)
  An orb spider (Lair:6)
  5 orc sorcerers
  A manticore (D:12)
  5 elephants
  A cyclops (D:11)
  Maurice (D:8)
  The ghost of EmilioHeskey the Covered, an experienced MiFi of Qazlal (D:5)
  2 black mambas
  An orange demon (Orc:4)
  A gargoyle (D:10)
  5 komodo dragons
  A kobold demonologist (D:11)
  2 fire drakes
  6 spiny frogs
  An efreet (D:12)
  5 trolls
  A deep elf priest (Elf:1)
  A polar bear (Lair:5)
  2 two-headed ogres (D:8)
  Grinder (D:4)
  12 blink frogs
  5 slime creatures
  2 boulder beetles
  2 tarantellas (Elf:1)
  A basilisk (Lair:3)
  2 redbacks (Elf:1)
  3 wyverns
  3 deep elf magi
  4 wraiths
  11 yaks
  The ghost of EmilioHeskey the Skirmisher, an average DrCK of Xom (D:3)
  Eustachio (D:5)
  A deep elf fighter (Elf:1)
  A spriggan (D:10)
  13 wolves
  6 hippogriffs
  Duvessa (D:5)
  Edmund (D:4)
  8 water moccasins
  8 porcupines
  2 phantoms
  11 ogres
  2 ice beasts (D:6)
  16 orc warriors
  A slave (D:4)
  A black bear (D:10)
  An eye of draining (D:12)
  5 big kobolds
  4 sky beasts
  3 centaurs
  19 crocodiles
  Blork the orc (Orc:1)
  19 giant frogs
  4 scorpions
  15 killer bees
  3 electric eels
  4 jellies
  3 wights (D:10)
  4 crimson imps
  A quasit (D:12)
  3 goliath beetles
  Dowan (D:5)
  15 orc priests
  6 giant frog skeletons
  7 hounds
  3 giant frog zombies
  7 worker ants
  17 orc wizards
  Natasha (thrice) (D:4)
  8 iguanas
  2 hell rats (Elf:1)
  A killer bee zombie (D:10)
  9 sheep
  2 mummies
  23 adders
  4 gnolls (D:5)
  2 giant mites
  2 shadow imps (D:10)
  56 river rats
  3 worms
  An ufetubus (D:11)
  2 adder skeletons (D:8)
  2 giant geckos
  83 orcs
  17 bats
  A bat skeleton (D:5)
  6 giant cockroaches
  13 goblins
  15 hobgoblins
  11 quokkas
  A ball python (D:1)
  8 giant newts
  8 gnoll skeletons (Ossuary)
  41 kobolds
  6 kobold skeletons (Ossuary)
  11 orc skeletons (Ossuary)
  An orc zombie (Orc:4)
  10 rats
  A crawling corpse (Elf:1)
677 creatures vanquished.

Vanquished Creatures (collateral kills)
  The ghost of Alarkh the Archer, a powerful HEHu of Okawaru (Lair:4)
  3 hydras
  The ghost of jazmu the Cleaver, a powerful GrFi of Okawaru (D:12)
  A catoblepas (Lair:5)
  The ghost of tesudzi the Slicer, an experienced OpWn (D:8)
  A skeletal warrior (D:11)
  6 orc knights (Orc:4)
  A deep elf summoner (Elf:1)
  A wandering mushroom (Lair:2)
  A hill giant (D:10)
  A cyclops (Orc:4)
  An orc sorcerer (Orc:4)
  2 elephants (Lair:4)
  2 spiny frogs
  9 blink frogs
  Prince Ribbit (D:7)
  A slime creature (D:12)
  A basilisk (Lair:3)
  A deep elf mage (Elf:1)
  4 yaks
  3 hippogriffs
  4 wolves
  A warg (Orc:4)
  7 orc warriors
  2 porcupines
  A water moccasin (Lair:1)
  An ice beast (D:11)
  2 ogres
  A centaur (D:8)
  A scorpion (D:8)
  3 killer bees (D:8)
  3 orc wizards (Orc:4)
  10 orc priests
  A hell rat (Elf:1)
  A worker ant (D:9)
  3 adders
  A white imp (D:11)
  An orc skeleton (Orc:4)
  30 orcs
  A hobgoblin (Orc:2)
  4 kobolds
  A quokka (Lair:3)
  A butterfly (Lair:5)
  A crawling corpse (Elf:1)
  2 toadstools
126 creatures vanquished.

Vanquished Creatures (others)
  An oklob plant (Lair:4)
  A wolf (Lair:3)
  An orc warrior (Elf:1)
  A slave (D:5)
  15 ice beasts
  A scorpion (D:5)
  A giant gecko (D:5)
  An orc (Elf:1)
  4 jackals (D:5)
  31 wandering mushrooms
  6 plants (Lair:7)
  534 toadstools
597 creatures vanquished.

Grand Total: 1400 creatures vanquished

Notes
Turn   | Place    | Note
--------------------------------------------------------------
     0 | D:1      | tesudzi, the Merfolk Ice Elementalist, began the quest for the Orb.
     0 | D:1      | Reached XP level 1. HP: 13/13 MP: 3/3
   228 | D:1      | Reached XP level 2. HP: 17/19 MP: 4/4
   281 | D:1      | Reached skill level 4 in Ice Magic
   686 | D:2      | Reached XP level 3. HP: 12/24 MP: 6/6
   874 | D:3      | Learned a level 3 spell: Ozocubu's Armour
  1396 | D:3      | Reached skill level 1 in Polearms
  1396 | D:3      | Reached skill level 5 in Ice Magic
  1396 | D:3      | Reached XP level 4. HP: 12/30 MP: 2/7
  1667 | D:3      | Reached skill level 1 in Charms
  1825 | D:3      | Reached XP level 5. HP: 11/35 MP: 7/9
  1861 | D:3      | Noticed EmilioHeskey's ghost (average DrCK)
  2043 | D:4      | Noticed Natasha
  2054 | D:4      | Killed Natasha
  2092 | D:4      | Noticed Edmund
  2125 | D:4      | Killed Edmund
  2125 | D:4      | Reached XP level 6. HP: 10/41 MP: 0/10
  2840 | D:4      | Noticed Natasha
  2844 | D:4      | Reached skill level 5 in Polearms
  2852 | D:4      | Killed Natasha
  2941 | D:4      | Noticed Natasha
  2945 | D:4      | Killed Natasha
  2997 | D:4      | Noticed Grinder
  3026 | D:4      | Killed Grinder
  3026 | D:4      | Reached skill level 1 in Fighting
  3026 | D:4      | Reached skill level 6 in Ice Magic
  3026 | D:4      | Reached XP level 7. HP: 40/49 MP: 12/12
  3208 | D:5      | Entered Level 5 of the Dungeon
  3276 | D:5      | Found a sand-covered staircase.
  3291 | Ossuary  | Entered an ossuary
  3291 | Ossuary  | Noticed a wraith
  3291 | Ossuary  | Noticed a wraith
  3291 | Ossuary  | Noticed a wraith
  3389 | Ossuary  | Noticed a wraith
  3605 | Ossuary  | Reached skill level 10 in Polearms
  3605 | Ossuary  | Reached skill level 10 in Ice Magic
  3605 | Ossuary  | Reached XP level 8. HP: 48/64 MP: 13/13
  3766 | Ossuary  | Killed a wraith
  3766 | Ossuary  | Reached XP level 9. HP: 65/69 MP: 10/14
  3846 | D:5      | Noticed Pikel
  4264 | D:4      | Learned a level 4 spell: Summon Ice Beast
  4286 | D:5      | Killed Pikel
  4363 | D:5      | Found a staircase to the Ecumenical Temple.
  4373 | Temple   | Entered the Ecumenical Temple
  4490 | Temple   | Became a worshipper of Fedhas Madash
  4725 | D:5      | Found Suffi's Book Emporium.
  4726 | D:5      | Noticed Eustachio
  4780 | D:5      | Killed Eustachio
  4993 | D:5      | Noticed Dowan
  5005 | D:5      | Killed Dowan
  5040 | D:5      | Noticed Duvessa
  5053 | D:5      | Killed Duvessa
  5219 | D:5      | Found a burning altar of Makhleb.
  5240 | D:5      | Noticed EmilioHeskey's ghost (experienced MiFi)
  5289 | D:5      | Killed EmilioHeskey's ghost
  5289 | D:5      | Reached skill level 11 in Polearms
  5886 | D:3      | Killed EmilioHeskey's ghost
  6327 | D:3      | Found a white marble altar of Elyvilon.
  6679 | D:2      | Acquired Fedhas' first power
  7584 | D:6      | Reached XP level 10. HP: 74/76 MP: 8/16
  7659 | D:6      | Acquired Fedhas' second power
  7969 | D:6      | Reached skill level 12 in Polearms
  8412 | D:7      | Noticed Prince Ribbit
  8562 | D:7      | Got a twisted plate armour
  8573 | D:7      | Identified the +5 plate armour "Giow" {rElec rPois Regen+ Dex-2 Stlth-} (You found it on level 7 of the Dungeon)
  9236 | D:7      | Reached skill level 10 in Dodging
  9244 | D:7      | Killed Prince Ribbit
  9774 | D:8      | Found a sacrificial altar of Ru.
  9794 | D:8      | Noticed Maurice
  9808 | D:8      | Reached skill level 13 in Polearms
  9826 | D:8      | Killed Maurice
  9839 | D:8      | Noticed tesudzi's ghost (experienced OpWn)
  9864 | D:8      | Killed tesudzi's ghost
  9959 | D:8      | Acquired Fedhas' third power
 10171 | D:8      | Learned a level 2 spell: Blink
 10217 | D:8      | Reached XP level 11. HP: 63/81 MP: 16/18
 10322 | D:8      | Reached skill level 14 in Polearms
 10873 | D:9      | Reached skill level 1 in Invocations
 10884 | D:9      | HP: 4/81 [yak (17)]
 11431 | D:9      | Found a staircase to the Orcish Mines.
 11590 | D:9      | Found a shadowy altar of Dithmenos.
 11592 | D:9      | Found an ancient bone altar of Kikubaaqudgha.
 11749 | Orc:1    | Entered Level 1 of the Orcish Mines
 11800 | Orc:1    | Found Wotimiud's Armour Shop.
 11850 | Orc:1    | Noticed Blork the orc
 11860 | Orc:1    | Killed Blork the orc
 11869 | Orc:1    | Found Jaeraa's Antique Weapon Boutique.
 11938 | Orc:1    | Acquired Fedhas' fourth power
 12871 | Orc:4    | Entered Level 4 of the Orcish Mines
 12968 | Orc:4    | Found Bruxaco's Quality Used Wands.
 13517 | Orc:4    | Found Safa's Assorted Antiques.
 13531 | Orc:4    | Noticed an orc high priest
 13535 | Orc:4    | Noticed an orc knight
 13558 | Orc:4    | Killed an orc knight
 13564 | Orc:4    | Killed an orc high priest
 13646 | Orc:4    | Noticed an orc high priest
 13661 | Orc:4    | Noticed a sun demon
 13667 | Orc:4    | Noticed a soul eater
 14066 | D:10     | Entered Level 10 of the Dungeon
 14503 | D:10     | Noticed a hill giant
 14519 | D:10     | Killed a hill giant
 14663 | D:10     | Found a staircase to the Lair.
 14843 | D:10     | Reached XP level 12. HP: 67/97 MP: 21/21
 14898 | D:10     | Noticed a hill giant
 14911 | D:10     | Killed a hill giant
 15519 | Lair:1   | Entered Level 1 of the Lair of Beasts
 15608 | Lair:1   | Got a shadowed robe
 15652 | Lair:1   | Identified the +3 robe of Disaster {+Blink rPois rN+ Str-4 Int+3} (You found it on level 1 of the Lair of Beasts)
 15671 | Lair:1   | Reached skill level 10 in Fighting
 15826 | Lair:1   | Acquired Fedhas' fifth power
 16587 | Lair:2   | Reached skill level 5 in Invocations
 16636 | Lair:2   | Noticed a four-headed hydra
 16649 | Lair:2   | Killed a four-headed hydra
 17824 | Lair:3   | Noticed a six-headed hydra
 17846 | Lair:3   | Killed a six-headed hydra
 18340 | Lair:3   | Reached XP level 13. HP: 27/103 MP: 10/22
 19576 | Lair:4   | Reached skill level 5 in Spellcasting
 19980 | Lair:4   | Noticed Alarkh's ghost (powerful HEHu)
 20039 | Lair:4   | Killed Alarkh's ghost
 20549 | Lair:5   | Gained mutation: You are covered in fur (AC +1). [potion of mutation]
 20549 | Lair:5   | Gained mutation: You possess an exceptional clarity of mind. [potion of mutation]
 20549 | Lair:5   | Gained mutation: Your spells are a little harder to cast, but a little more powerful. [potion of mutation]
 20763 | Lair:5   | Learned a level 4 spell: Throw Icicle
 20906 | Lair:5   | Found a staircase to the Shoals.
 21693 | Lair:6   | Found a staircase to the Slime Pits.
 22242 | Lair:6   | Found a hole to the Spider Nest.
 23029 | Lair:7   | Reached skill level 1 in Shields
 23301 | Lair:6   | Reached XP level 14. HP: 50/110 MP: 9/30
 23507 | Lair:1   | Learned a level 6 spell: Freezing Cloud
 23601 | D:11     | Reached skill level 1 in Conjurations
 23630 | D:11     | Found a labyrinth entrance.
 23861 | D:11     | Found Wubraron's Antique Weapon Shoppe.
 24416 | D:11     | HP: 4/110 [skeletal warrior/halberd (8)]
 24883 | D:11     | Reached skill level 5 in Shields
 25107 | D:12     | Noticed jazmu's ghost (powerful GrFi)
 25154 | D:12     | Killed jazmu's ghost
 25729 | D:12     | Noticed Fannar
 25781 | D:12     | Killed Fannar
 26695 | Orc:4    | Noticed an orc knight
 26937 | Orc:3    | Found a staircase to the Elven Halls.
 27188 | Orc:4    | Killed an orc knight
 27375 | Orc:4    | Killed an orc high priest
 27402 | Orc:4    | Noticed an orc high priest
 27403 | Orc:4    | Noticed an orc knight
 27403 | Orc:4    | Noticed an orc knight
 27418 | Orc:4    | Noticed an orc knight
 27420 | Orc:4    | Killed an orc high priest
 28131 | Orc:4    | Found Thuoj's Book Boutique.
 28135 | Orc:4    | Found Ahyheh's Antique Armour Boutique.
 28424 | Orc:4    | Killed an orc knight
 28597 | Orc:4    | Killed an orc knight
 28619 | Orc:4    | Killed an orc knight
 28619 | Orc:4    | Reached skill level 15 in Polearms
 28634 | Orc:4    | Bought a scroll of fog for 46 gold pieces
 28641 | Orc:4    | Bought a pair of glowing gloves for 148 gold pieces
 28653 | Orc:4    | Found Mujocwij's Armour Shoppe.
 28662 | Orc:4    | Bought a +1 pair of gloves of dexterity for 231 gold pieces
 28662 | Orc:4    | Bought a +1 robe of magic resistance for 177 gold pieces
 28881 | Elf:1    | Entered Level 1 of the Elven Halls
 29693 | Elf:1    | Noticed a Hell Sentinel
 29713 | Elf:1    | Noticed an Executioner
 29714 | Elf:1    | Reached skill level 16 in Polearms
 29735 | Elf:1    | HP: 2/111 [deep elf high priest/divine providence (12)]
 29735 | Elf:1    | Killed from afar by a deep elf knight

Action                   |  1- 3 |  4- 6 |  7- 9 | 10-12 | 13-15 || total
-------------------------+-------+-------+-------+-------+-------++-------
Melee: Whip              |    19 |       |       |       |       ||    19
       Dagger            |    43 |     1 |       |       |       ||    44
       Trident           |    26 |   147 |   460 |  1246 |  1395 ||  3274
       Glaive            |       |       |       |    62 |       ||    62
       Halberd           |       |       |       |    46 |    46 ||    92
       Short sword       |       |       |       |     4 |       ||     4
       Spear             |       |       |       |   317 |       ||   317
Throw: Tomahawk          |       |       |       |     1 |     3 ||     4
 Cast: Freeze            |     7 |    26 |    26 |    43 |    70 ||   172
       Ozocubu's Armour  |       |     4 |    14 |    54 |    52 ||   124
       Summon Ice Beast  |       |       |     2 |    13 |    26 ||    41
       Throw Icicle      |       |       |       |       |    49 ||    49
       Blink             |       |       |       |       |     1 ||     1
Invok: Evolution         |       |       |       |    21 |    19 ||    40
       Sunlight          |       |       |       |     6 |     6 ||    12
Evoke: Wand              |       |       |     4 |     1 |       ||     5
  Use: Scroll            |     4 |       |     7 |    13 |    12 ||    36
       Potion            |     1 |     1 |    11 |     8 |     7 ||    28
 Stab: Sleeping          |     2 |     1 |     2 |    17 |    11 ||    33
       Distracted        |       |       |     1 |     5 |    12 ||    18
       Confused          |       |       |       |     8 |     8 ||    16
  Eat: Chunk             |     1 |     7 |    10 |    33 |    20 ||    71
       Beef jerky        |       |       |     1 |       |     3 ||     4
       Meat ration       |       |       |     1 |       |     3 ||     4
       Pizza             |       |       |     1 |       |     2 ||     3
       Bread ration      |       |       |       |     3 |     1 ||     4
